 Dungeon Crawl Stone Soup version 0.29.0-4-gdea44cf6ec (webtiles) character file.

Game seed: 5451007920661671404

102 qw the Chopper (level 4, -2/26 HPs)
             Began as a Tengu Warper on Aug 28, 2022.
             Slain by an iguana (10 damage)
             ... on level 4 of the Dungeon.
             The game lasted 00:00:16 (3647 turns).

qw the Chopper (Tengu Warper)                       Turns: 3647, Time: 00:00:17

Health: -2/26      AC:  6    Str: 14    XL:     4   Next: 78%
Magic:  8/8        EV: 11    Int: 13    God:
Gold:   84         SH:  0    Dex: 13    Spells: 7/7 levels left

rFire   . . .      SeeInvis .   Y - +1 hand axe
rCold   . . .      Faith    +   (no shield)
rNeg    . . .      Spirit   .   h - +0 ring mail
rPois   +          Reflect  .   (helmet restricted)
rElec   .          Harm     .   a - +0 cloak
rCorr   .          Rampage  .   (no gloves)
Will    +....                   (boots unavailable)
Stlth   +.........              c - amulet "Hialatem" {Faith rPois}
HPRegen 0.08/turn               j - ring of willpower
MPRegen 0.11/turn               (no ring)

@: no status effects
A: beak, talons 3
a: no special abilities


You were on level 4 of the Dungeon.
You visited 1 branch of the dungeon, and saw 4 of its levels.

You collected 144 gold pieces.
You spent 60 gold pieces at shops.


Innate Abilities, Weirdness & Mutations

You have a beak for a mouth.
You have claws for feet.


   Skills:
 - Level 2.0 Fighting
 + Level 5.3 Axes
 - Level 1.0 Throwing
 - Level 1.1 Armour
 - Level 2.1 Dodging
 - Level 2.0 Spellcasting
 - Level 2.4 Translocations


You had 7 spell levels left.
You didn't know any spells.
Your spell library contained the following spells:

 Spells                   Type           Power      Damage    Failure   Level
 Blink                    Tloc           14%        N/A       30%         2
 Gell's Gravitas          Tloc           7%         N/A       52%         3
 Lesser Beckoning         Tloc           7%         N/A       52%         3
 Teleport Other           Tloc           7%         N/A       52%         3
 Manifold Assault         Tloc           7%         N/A       99%         5

Inventory:

Hand Weapons
 e - a +0 mace
 Y - a +1 hand axe (weapon)
Missiles
 f - 2 javelins (quivered)
 g - 7 boomerangs
Armour
 a - a +0 cloak (worn)
 h - a +0 ring mail (worn)
Jewellery
 c - the amulet "Hialatem" (around neck) {Faith rPois}
   (You found it on level 2 of the Dungeon)

   [amulet of faith]

   It allows you to gain divine favour quickly.
   rPois:     It protects you from poison.
 j - a ring of willpower (left hand)
Scrolls
 b - 2 scrolls of teleportation
 d - a scroll of identify
Potions
 i - 2 potions of mutation
 n - a potion of invisibility {unknown}
 o - a potion of might {unknown}
 p - a potion of haste {unknown}

Dungeon Overview and Level Annotations

Branches:
Dungeon (4/15)
 Temple: D:4-7

Altars:

Shops:
D:2 ?


Message History

Throw: 4 javelins
Press: ? - help, Q - select action, (/) - cycle Shift-Dir - straight line, f/p - iguana You throw a javelin.
The javelin pierces through the iguana but does no damage.
Throw: 3 javelins
Press: ? - help, Q - select action, (/) - cycle Shift-Dir - straight line, f/p - iguana You throw a javelin.
The javelin closely misses the iguana.
You hit the iguana. You claw the iguana, but do no damage.
The iguana is lightly wounded.
The iguana bites you.
You hit the iguana.
The iguana is moderately wounded.
The iguana bites you.
You hit the iguana.
The iguana is heavily wounded.
The iguana misses you.
You hit the iguana. You claw the iguana, but do no damage.
You peck the iguana, but do no damage.
The iguana is heavily wounded.
The iguana bites you but does no damage.
You hit the iguana. You peck the iguana, but do no damage.
The iguana is almost dead.
The iguana bites you but does no damage.
You hit the iguana.
The iguana is almost dead.
The iguana hisses menacingly.
The iguana closely misses you.
You barely miss the iguana. Your kick misses the iguana.
The iguana is almost dead.
The iguana completely misses you.
You barely miss the iguana. You peck the iguana, but do no damage.
The iguana is almost dead.
The iguana bites you!
You barely miss the iguana. You peck the iguana.
The iguana is almost dead.
The iguana bites you.
You hit the iguana but do no damage.
The iguana is almost dead.
The iguana bites you!
You die...

...###.....##..
...?(..........
...............
.............#
.............#
..>..........#
.......l...#
#..@...#
#......#
########


You could see an iguana.

Vanquished Creatures
  A hound (D:3)
  An adder (D:2)
  2 dart slugs (D:1)
  5 orcs (D:3)
  6 ball pythons
  8 endoplasms
  2 giant cockroaches
  8 goblins
  4 hobgoblins
  3 jackals (D:1)
  A quokka (D:1)
  3 bats
  A frilled lizard (D:1)
  A kobold (D:1)
  4 rats (D:1)
50 creatures vanquished.

Notes
Turn   | Place    | Note
-------+----------+-------------------------------------------
     0 | D:1      | qw the Tengu Warper began the quest for the Orb.
     0 | D:1      | Reached XP level 1. HP: 12/12 MP: 4/4
     0 | D:1      | 0 ||| qw: Version: 0.1-a-89-g26bdef1
     0 | D:1      | 0 ||| qw: Game counter: 1339
     0 | D:1      | 0 ||| qw: Always use a shield: true
     0 | D:1      | 0 ||| qw: God list: Okawaru
     0 | D:1      | 0 ||| qw: Allow faded altars: false
     0 | D:1      | 0 ||| qw: Do Orc after D:15 true
     0 | D:1      | 0 ||| qw: Do second Lair branch before Depths: true
     0 | D:1      | 0 ||| qw: Lair rune preference: random
     0 | D:1      | 0 ||| qw: Plans: Normal
     0 | D:1      | 0 ||| PLANNING D:1-11
    36 | D:1      | Reached skill level 3 in Axes
    36 | D:1      | Reached XP level 2. HP: 13/17 MP: 6/6
   116 | D:1      | 116 ||| READING scroll labelled QASADALEROTZ.
   439 | D:1      | 439 ||| Stepping ~*~*~tactically~*~*~ (stealth).
   442 | D:1      | 442 ||| Stepping ~*~*~tactically~*~*~ (stealth).
   587 | D:1      | Reached XP level 3. HP: 21/21 MP: 7/7
   856 | D:1      | 856 ||| Stepping ~*~*~tactically~*~*~ (hiding).
  1060 | D:1      | Reached skill level 4 in Axes
  1315 | D:1      | 1315 ||| UPGRADING to +0 cloak.
  1320 | D:1      | 1320 ||| UPGRADING to +0 ring mail.
  1330 | D:1      | 1330 ||| DROPPING +0 leather armour.
  1331 | D:1      | 1331 ||| UPGRADING to ring of willpower.
  1332 | D:1      | 1332 ||| DROPPING ring of flight.
  1333 | D:1      | 1333 ||| READING scroll labelled MOFAKKEFRI.
  1338 | D:1      | 1338 ||| READING 2 scrolls labelled ORIMMYENEU.
  1465 | D:1      | 1465 ||| READING scroll labelled PORIXUPI DAO.
  1466 | D:1      | 1466 ||| DROPPING scroll of blinking.
  1467 | D:1      | 1467 ||| DROPPING scroll of torment.
  1589 | D:2      | Found Hocvinir's Magic Scroll Emporium.
  1595 | D:2      | 1595 ||| SHOPLISTING scroll of acquirement (624 gold, have
                  | 63).
  1595 | D:2      | 1595 ||| SHOPLISTING scroll of enchant armour (90 gold,
                  | have 63).
  1595 | D:2      | 1595 ||| BUYING scroll of identify (24 gold).
  1595 | D:2      | Bought a scroll of identify for 24 gold pieces
  1595 | D:2      | 1595 ||| BUYING scroll of teleportation (36 gold).
  1595 | D:2      | Bought a scroll of teleportation for 36 gold pieces
  1742 | D:2      | Identified the amulet "Hialatem" {Faith rPois}
  2239 | D:2      | 2239 ||| UPGRADING to amulet "Hialatem" {Faith rPois}.
  2244 | D:2      | 2244 ||| DRINKING 2 ruby potions.
  2245 | D:2      | 2245 ||| READING 2 scrolls of identify.
  2245 | D:2      | 2245 ||| IDENTIFYING glowing sapphire potion
  2246 | D:2      | 2246 ||| DROPPING potion of attraction.
  2289 | D:3      | 2289 ||| STAIRDANCE
  2340 | D:3      | 2340 ||| STAIRDANCE
  2408 | D:3      | 2408 ||| Stepping ~*~*~tactically~*~*~ (hiding).
  2411 | D:3      | 2411 ||| FLEEEEING.
  2412 | D:3      | 2412 ||| FLEEEEING.
  2413 | D:3      | 2413 ||| FLEEEEING.
  2414 | D:3      | 2414 ||| FLEEEEING.
  2415 | D:3      | 2415 ||| FLEEEEING.
  2422 | D:3      | 2422 ||| Stepping ~*~*~tactically~*~*~ (hiding).
  2423 | D:3      | 2423 ||| Stepping ~*~*~tactically~*~*~ (hiding).
  2429 | D:3      | Reached XP level 4. HP: 24/26 MP: 8/8
  2510 | D:3      | 2510 ||| Stepping ~*~*~tactically~*~*~ (stealth).
  2709 | D:3      | 2709 ||| Stepping ~*~*~tactically~*~*~ (stealth).
  2850 | D:3      | Reached skill level 5 in Axes
  3514 | D:3      | 3514 ||| READING scroll labelled BOAPIE YROGOSHIM.
  3515 | D:3      | 3515 ||| READING scroll labelled ASASEM BIWA.
  3616 | D:3      | 3616 ||| READING 2 scrolls of identify.
  3616 | D:3      | 3616 ||| IDENTIFYING silvery potion
  3617 | D:3      | 3617 ||| DROPPING potion of brilliance.
  3647 | D:4      | Slain by an iguana

Levels and vault maps discovered:
D:1:      eino_arrival_tree_alley, layout_basic, serial_glass, glass_columns_c,
          glass_columns_a, dk_noncrumbling_3
D:2:      layout_loops_corners, serial_shops, nicolae_shop_crystal, minivault_25
D:3:      layout_basic, grunt_ministairs_15
D:4:      layout_gridville, grunt_temple_overflow_growth_and_decay,
          ebering_ghost_reflecting_pool, dk_noncrumbling_4

Skill      XL: |  1  2  3  4 |
---------------+-------------+-----
Axes           | 3 4 5 |  5.3
Fighting       | |  2.0
Throwing       | |  1.0
Armour         | |  1.1
Dodging        | |  2.1
Spellcasting   | |  2.0
Translocations | |  2.4

Action                   |  1- 3 |  4- 6 || total
-------------------------+-------+-------++-------
Melee: Hand axe          |    79 |    24 ||   103
       Peck              |    13 |     4 ||    17
       Kick              |     9 |     5 ||    14
Throw: Boomerang         |     7 |       ||     7
       Javelin           |     3 |    15 ||    18
  Use: Scroll            |     5 |     3 ||     8
       Potion            |     1 |       ||     1
Armor: Leather armour    |    16 |       ||    16
       Ring mail         |     5 |     4 ||     9
Dodge: Dodged            |    48 |     9 ||    57

Table legend:
 A = Non-vault XP
 B = Vault XP
 C = Vault XP percentage of total XP
 D = Non-vault monster count
 E = Vault monster count
 F = Vault count percentage of total count
                 A         B        C        D         E       F
            +---------+---------+-------+---------+---------+-------
      Total |     131 |      16 |  10.9 |      48 |       2 |   4.0
            +---------+---------+-------+---------+---------+-------
        D:1 |      55 |       0 |   0.0 |      31 |       0 |   0.0
        D:2 |       7 |      14 |  66.7 |       4 |       1 |  20.0
        D:3 |      69 |       2 |   2.8 |      13 |       1 |   7.1
            +---------+---------+-------+---------+---------+-------
